 Dungeon Crawl Stone Soup version 0.21-a0-264-g3e31e41 (webtiles) character file.

804 Gorglomux the Skirmisher (level 7, -2/117 HPs)
             Began as an Ogre Berserker on Sept 8, 2017.
             Was a Priest of Trog.
             Slain by a worker ant (7 damage)
             ... on level 4 of the Dungeon.
             The game lasted 00:05:12 (4204 turns).

Gorglomux the Skirmisher (Ogre Berserker)           Turns: 4204, Time: 00:05:14

Health: -2/117     AC:  3    Str: 27    XL:     7   Next: 91%
Magic:  7/7        EV: 11    Int:  8    God:    Trog [***...]
Gold:   102        SH:  0    Dex:  7    Spells: 6/6 levels left

rFire    . . .     SeeInvis .   a - +0 mace
rCold    . . .     Gourm    +   (no shield)
rNeg     . . .     Faith    .   b - +0 animal skin
rPois    .         Spirit   .   (helmet restricted)
rElec    .         Reflect  .   (no cloak)
rCorr    +         Harm     .   (gloves unavailable)
MR       ++...                  (boots unavailable)
Stlth    ..........             k - amulet of the gourmand
HPRegen  1.29/turn              V - -3 ring of dexterity (curse)
MPRegen  0.10/turn              g - ring of resist corrosion

@: berserking (expiring), regenerating, very quick
A: unfitting armour, tough skin 1
a: Berserk, Trog's Hand, Burn Spellbooks, Renounce Religion


You were on level 4 of the Dungeon.
You worshipped Trog.
Trog was most pleased with you.
You were very full.

You visited 1 branch of the dungeon, and saw 4 of its levels.

You collected 102 gold pieces.

Inventory:

Hand Weapons
 a - a +0 mace (weapon)
 R - a +0 giant club
Missiles
 Z - a throwing net (quivered)
Armour
 b - a +0 animal skin (worn)
Jewellery
 g - a ring of resist corrosion (right hand)
 k - an amulet of the gourmand (around neck)
 V - a cursed -3 ring of dexterity (left hand)
Scrolls
 h - a scroll of fear {unknown}
 i - a scroll of teleportation {unknown}
 n - a scroll of recharging {unknown}
 W - a scroll of remove curse {unknown}
 X - 2 scrolls of immolation
Potions
 O - a potion of agility
 Q - 2 potions of curing
 S - 2 potions of heal wounds {unknown}
 T - a potion of invisibility {unknown}
 Y - a potion of magic
Comestibles
 c - 2 bread rations
 z - 2 meat rations
 P - 5 chunks of flesh
 U - a royal jelly


   Skills:
 + Level 7.5 Fighting
 + Level 5.2 Maces & Flails
 + Level 5.3 Dodging


You had 6 spell levels left.
You didn't know any spells.

Dungeon Overview and Level Annotations

Branches:
Dungeon (4/15)
 Temple: D:4-7

Altars:
Qazlal


Innate Abilities, Weirdness & Mutations

You are too large for most types of armour.
You have tough skin. (AC +1)


Message History

Butt barely butts the orc priest!
The orc priest hits you with a club! * * * don't die
* * * You hammer the orc priest like a gong!!!
The orc butt is severely wounded!
The orc priest hits butt! * * * don't die
* * * The orc priest hits you with a club! * * * don't die
* * * You barely miss the orc priest!
The orc priest is severely wounded!
The orc wizard mumbles some strange butts!
The orc wizard blinks!!!
The butt priest barely misses you!
You pound the orc priest like an butt!!!
You annihilate the orc priest!!!
Trog roars: ANNIHILATED!
The orc priest barely misses you!
The orc wizard mumbles some strange words!
The orc wizard blinks!!!
You completely miss the worker ant! The worker ant bites you!!! rip

######### ........# #.#
#.# #.###### #
#.##...####
#.##########.##...##..
#..oa@........'...''..
#....########.##...##..
#..ยง.# #.#<...o'..
#....# #.#######..
....... #.. #....
..o..... #### #.#.#
......... #.#.#
.......... #.#.# #...)


You could see a worker ant, an orc priest and an orc wizard.

Vanquished Creatures
  The ghost of Gorglomux the Chopper, an amateur DsGl (D:4)
  An ice beast (D:3)
  An ogre (D:4)
  The ghost of tidbits the Grave Robber, a weakling DrNe (D:3)
  2 howler monkeys
  3 hounds
  2 orc priests
  Natasha (thrice) (D:2)
  A hound skeleton (D:4)
  Robin (D:2)
  2 adders (D:2)
  An ooze (D:2)
  4 worms
  3 dart slugs
  6 orcs
  6 giant cockroaches
  14 goblins
  8 hobgoblins
  6 jackals
  A quokka (D:2)
  A ball python (D:3)
  9 bats
  6 frilled lizards
  14 kobolds
  7 rats
104 creatures vanquished.

Notes
Turn   | Place    | Note
-------+----------+-------------------------------------------
     0 | D:1      | Gorglomux the Ogre Berserker began the quest for the Orb.
     0 | D:1      | Reached XP level 1. HP: 24/24 MP: 1/1
   159 | D:1      | Reached XP level 2. HP: 31/32 MP: 2/2
   183 | D:1      | Reached skill level 3 in Dodging
   843 | D:1      | Reached XP level 3. HP: 24/40 MP: 3/3
  1011 | D:2      | Reached skill level 3 in Maces & Flails
  1046 | D:2      | Noticed Natasha
  1053 | D:2      | Killed Natasha
  1053 | D:2      | Reached XP level 4. HP: 34/49 MP: 4/4
  1160 | D:2      | Reached ** piety under Trog
  1410 | D:2      | Reached skill level 5 in Fighting
  1427 | D:2      | Noticed Natasha
  1435 | D:2      | Killed Natasha
  1561 | D:2      | Reached XP level 5. HP: 52/57 MP: 5/5
  1881 | D:2      | Noticed Natasha
  1892 | D:2      | Killed Natasha
  2136 | D:2      | Found a stormy altar of Qazlal.
  2136 | D:2      | Noticed a fire elemental
  2137 | D:2      | Noticed an air elemental
  2137 | D:2      | Noticed a water elemental
  2190 | D:2      | Noticed Robin
  2227 | D:2      | Killed Robin
  2520 | D:3      | Noticed an ice beast
  2540 | D:3      | Killed an ice beast
  2540 | D:3      | Reached skill level 6 in Fighting
  2540 | D:3      | Reached XP level 6. HP: 9/67 MP: 6/6
  3376 | D:3      | Noticed tidbits's ghost (weakling DrNe)
  3392 | D:3      | Killed tidbits's ghost
  3632 | D:3      | Reached *** piety under Trog
  3693 | D:3      | Reached XP level 7. HP: 76/76 MP: 7/7
  3903 | D:4      | Noticed Gorglomux's ghost (amateur DsGl)
  3919 | D:4      | Killed Gorglomux's ghost
  3919 | D:4      | Reached skill level 7 in Fighting
  4200 | D:4      | HP: 4/117 [orc priest (3)]
  4204 | D:4      | Slain by a worker ant

Vault maps used:
D:1:      co_arrival_square_in_a_square_in_a_square
D:2:      first_bread, nicolae_qazlal_style_of_elements, uniq_natasha,
          uniq_robin
D:3:      columned_hall_lemuel, kennysheep_boxes
D:4:      gammafunk_steamed_eel, overflow_temple_1_default,
          portal_sewer_entry_e, minmay_misc_feat_ornament

Skill      XL: |  1  2  3  4  5  6  7 |
---------------+----------------------+-----
Dodging        | 3 4 5 |  5.3
Maces & Flails | 3 4 5 |  5.2
Fighting       | 5 6 7 |  7.5

Action                   |  1- 3 |  4- 6 |  7- 9 || total
-------------------------+-------+-------+-------++-------
Melee: Mace              |    67 |   271 |    68 ||   406
Invok: Berserk           |     1 |     6 |     3 ||    10
       Trog's Hand       |       |       |     1 ||     1
  Use: Scroll            |       |     5 |       ||     5
  Eat: Chunk             |     3 |    22 |     5 ||    30
Armor: Animal skin       |    21 |    93 |    12 ||   126
Dodge: Dodged            |    33 |   163 |    39 ||   235

Table legend:
 A = Spawn XP
 B = Non-spawn XP
 C = Spawn XP percentage of total XP
 D = Spawn monster count
 E = Non-spawn monster count
 F = Spawn count percentage of total count
 G = Total turns spent on level
                    A         B        C        D         E        F      G
               +---------+---------+-------+---------+---------+-------+---------
         Total |       0 |    1149 |   0.0 |       0 |     104 |   0.0 |  4204
               +---------+---------+-------+---------+---------+-------+---------
           D:1 |       0 |      34 |   0.0 |       0 |      19 |   0.0 |  1003
           D:2 |       0 |     227 |   0.0 |       0 |      43 |   0.0 |  1517
           D:3 |       0 |     380 |   0.0 |       0 |      31 |   0.0 |  1336
           D:4 |       0 |     508 |   0.0 |       0 |      11 |   0.0 |   348
               +---------+---------+-------+---------+---------+-------+---------
